AoeStats
← Ts1ba

Fortress

510321792Analyzed
1v1 RM · 2d ago on Sep 30, 2026· 54m 29s· 2 players
Game mode
Random Map
Map size
Small (3 player)
Population
200
Speed
Normal
Resources
Standard
Victory
Conquest
Starting age
Dark Age
Ending age
Imperial Age
RankedLock teamsTeams togetherTeam positionsShared explorationLock speedFull tech treeHidden civsTurbo modeCheats
Victory
Defeat
🇬🇪 Malay · Georgia
990
+15
🇵🇭 Persians · Philippines
975
-15
d ka tatagos sakin ya
7:45 Feudal Age
8:42 Double-Bit Axe
9:11 Horse Collar
12:23 Castle Age
14:56 Gold Mining
16:18 Gold Shaft Mining
18:10 Heavy Plow
19:25 Bow Saw
22:15 Stone Mining
21:54 Crossbowman
22:46 Fletching
23:15 Thumb Ring
23:15 Padded Archer Armor
24:00 Stone Shaft Mining
27:37 Imperial Age
25:17 Bodkin Arrow
26:23 Leather Archer Armor
27:13 Forging
27:23 Scale Mail Armor
28:09 Kamandaran
29:18 Iron Casting
29:17 Crop Rotation
29:49 Two-Man Saw
30:25 Chemistry
29:45 Devotion
33:35 Ring Archer Armor
34:06 Blast Furnace
33:23 Chain Mail Armor
33:13 Scale Barding Armor
32:54 Elite War Elephant
34:31 Ballistics
37:36 Plate Mail Armor
36:38 Pikeman
37:24 Squires
37:10 Gambesons
37:31 Halberdier
39:26 Wheelbarrow
Ts1ba
8:11 Feudal Age
8:18 Double-Bit Axe
9:25 Horse Collar
10:46 Wheelbarrow
10:24 Stone Mining
15:16 Castle Age
16:31 Bow Saw
17:04 Squires
16:49 Arson
18:29 Gold Mining
19:56 Heavy Plow
22:24 Hand Cart
24:23 Gold Shaft Mining
25:16 Stone Shaft Mining
29:09 Imperial Age
27:10 Forging
27:05 Scale Barding Armor
27:49 Husbandry
28:36 Iron Casting
29:09 Crop Rotation
28:38 Town Watch
28:40 Loom
30:44 Chemistry
30:04 Ballistics
29:28 Treadmill Crane
30:25 Town Patrol
31:30 Blast Furnace
30:03 Elite Battle Elephant
31:49 Elite Karambit Warrior
33:31 Pikeman
35:09 Elite Skirmisher
35:54 Padded Archer Armor
35:44 Fletching
37:32 Leather Archer Armor
37:13 Bodkin Arrow
37:29 Thumb Ring
39:20 Ring Archer Armor
38:50 Bracer
Connection lost

Rejoining the realm…

Still unreachable

The connection could not be restored.

Session expired

The server has moved on; the page needs a fresh start.